 Seeded DCSS version 0.29-a0-371-g91724d5b39 (webtiles) character file.

Game seed: 9708579739092153053 (custom seed)

14 joe1234567 the Skirmisher (level 2, -2/31 HPs)
             Began as an Ogre Gladiator on May 3, 2022.
             Frozen to death by an endoplasm (4 damage)
             ... on level 1 of the Dungeon.
             The game lasted 00:01:17 (302 turns).

joe1234567 the Skirmisher (Ogre Gladiator)           Turns: 302, Time: 00:01:18

Health: -2/31      AC:  3    Str: 17    XL:     2   Next: 45%
Magic:  2/2        EV: 10    Int:  9    God:
Gold:   6          SH:  0    Dex: 10    Spells: 1/1 levels left

rFire   . . .      SeeInvis .   a - +0 quarterstaff
rCold   . . .      Faith    .   (shield currently unavailable)
rNeg    . . .      Spirit   .   b - +0 robe
rPois   .          Reflect  .   c - +0 hat
rElec   .          Harm     .   (no cloak)
rCorr   .          Rampage  .   (gloves unavailable)
Will    .....                   (boots unavailable)
Stlth   +.........              (no amulet)
HPRegen 0.10/turn               (no ring)
MPRegen 0.08/turn               (no ring)

@: no status effects
A: large, unfitting armour, tough skin 1
a: no special abilities


You were on level 1 of the Dungeon.
You visited 1 branch of the dungeon, and saw 1 of its levels.

You collected 6 gold pieces.

Inventory:

Hand Weapons
 a - a +0 quarterstaff (weapon)
Missiles
 d - 3 throwing nets (quivered)
 e - a large rock
Armour
 b - a +0 robe (worn)
 c - a +0 hat (worn)
Scrolls
 f - 3 scrolls of acquirement {unknown}


   Skills:
 + Level 3.2 Fighting
 + Level 3.1 Staves
 + Level 2.1 Throwing
 + Level 3.0 Dodging


You had one spell level left.
You didn't know any spells.
Your spell library was empty.

Dungeon Overview and Level Annotations

Branches:
Dungeon (1/15)

Altars:


Innate Abilities, Weirdness & Mutations

You are too large for most types of armour.
You have tough skin. (AC +1)


Message History

You open the door.
There is an open door here.
You open the door.
An endoplasm and a quokka come into view.
The endoplasm quivers.
Found 19 gold pieces.
A ball python comes into view.
The quokka barely misses you.
There is an open door here.
You sock the quokka!
You kill the quokka!
The endoplasm barely misses you.
Your Dodging skill increases to level 3!
The endoplasm closely misses you.
You see here a quokka corpse.
The ball python hisses angrily.
The endoplasm hits you.
* * * LOW HITPOINT WARNING * * *
Found a robe.
The endoplasm hits you.
* * * LOW HITPOINT WARNING * * *
The ball python barely misses you. The endoplasm freezes you.
You are frozen.
* * * LOW HITPOINT WARNING * * *
The endoplasm freezes you.
You are frozen.
* * * LOW HITPOINT WARNING * * *
The endoplasm attacks as you move away! The endoplasm misses you.
The ball python misses you. The ball python barely misses you.
The endoplasm closely misses you.
You sock the ball python!
You kill the ball python!
The endoplasm closely misses you.
The endoplasm hits you but does no damage.
You hit the endoplasm.
The endoplasm is heavily wounded.
The endoplasm freezes you.
You are frozen.
You die...

###### #....#
#....###############
#.....#....##......#
#.....#.÷..##......#
..####....#....##......###
......$..†'............'>.
........†J#............#.#
#........@##.####......#'#
#.........##.# ######.....
#......#####.# #... #.....
#...... #.###...##.....
[...... +...+.........#
####### #.###.........#
#.# #...##....# #.# #.##
#....# #.# # #.#..#


You could see an endoplasm.

Vanquished Creatures
  A dart slug (D:1)
  A ball python (D:1)
  A giant cockroach (D:1)
  A goblin (D:1)
  2 hobgoblins (D:1)
  2 quokkas (D:1)
  A bat (D:1)
  A kobold (D:1)
  A rat (D:1)
11 creatures vanquished.

Notes
Turn   | Place    | Note
-------+----------+-------------------------------------------
     0 | D:1      | joe1234567 the Ogre Gladiator began the quest for the Orb.
     0 | D:1      | Reached XP level 1. HP: 22/22 MP: 1/1
   209 | D:1      | Reached XP level 2. HP: 23/31 MP: 2/2
   297 | D:1      | HP: 1/31 [frozen (1)]
   302 | D:1      | Frozen to death by an endoplasm

Illustrated notes

Levels and vault maps discovered:
D:1:      mrwooster_arrival_arrow, layout_basic

Skill      XL: |  1  2 |
---------------+-------+-----
Fighting       | 3 |  3.2
Dodging        | 3 |  3.0
Staves         | |  3.1
Throwing       | |  2.1

Action                   || total
-------------------------++-------
Melee: Quarterstaff      ||    27
Armor: Robe              ||    15
Dodge: Dodged            ||    40

Table legend: (Time is in decaauts)
 A = Elapsed time spent in this place.
 B = Non-inter-level travel time spent in this place.
 C = Inter-level travel time spent in this place.
 D = Time resting spent in this place.
 E = Time spent auto-exploring this place.
 F = Levels seen in this place.
 G = Mean time per level.
                   A        B        C        D        E       F      G
               +--------+--------+--------+--------+--------+-----+--------+
         Total |    305 |    305 |      0 |      0 |      0 |   1 |  305.0 |
       Dungeon |    305 |    305 |      0 |      0 |      0 |   1 |  305.0 |
               +--------+--------+--------+--------+--------+-----+--------+

Top non-repeatable levels by time:
     D:1: 305 daAuts
